 Dungeon Crawl Stone Soup version 0.28-b1-25-g9875b3fc8c (webtiles) character file.

Game seed: 13922446963122752014

478 belegose the Cudgeller (level 7, -7/59 HPs)
             Began as a Gnoll Cinder Acolyte on Jan 31, 2022.
             Was an Elder of Ignis.
             Mangled by Edmund (10 damage)
             ... on level 5 of the Dungeon.
             The game lasted 00:11:40 (4749 turns).

belegose the Cudgeller (Gnoll Cinder Acolyte)       Turns: 4749, Time: 00:11:40

Health: -7/59      AC: 16    Str: 20    XL:     7   Next: 11%
Magic:  12/12      EV: 10    Int: 15    God:    Ignis [****..]
Gold:   266        SH:  5    Dex:  7    Spells: 13/13 levels left

rFire   + . .      SeeInvis .   a - -1 mace (flame)
rCold   . . .      Faith    .   (no shield)
rNeg    . . .      Spirit   .   x - +2 scale mail {Will+}
rPois   .          Reflect  +   (no helmet)
rElec   .          Harm     .   i - +0 cloak
rCorr   .          Rampage  .   (no gloves)
Will    +....                   (no boots)
Stlth   ..........              b - amulet of reflection
HPRegen 0.19/turn               q - +6 ring of strength
MPRegen 0.13/turn               (no ring)

@: mighty, brilliant, fiery-armoured
A: fangs 1, strong nose, distributed training
a: Renounce Religion, Fiery Armour, Foxfire Swarm


You were on level 5 of the Dungeon.
You worshipped Ignis.
Ignis was greatly pleased with you.
You visited 1 branch of the dungeon, and saw 5 of its levels.

You collected 266 gold pieces.

Inventory:

Hand Weapons
 a - a -1 mace of flaming (weapon)
 l - a +0 trident
 w - a +1 dagger of venom
Missiles
 c - 6 poisoned darts (quivered)
 d - 68 stones
 p - 17 bolts
Armour
 i - a +0 cloak (worn)
 x - a +2 scale mail of willpower (worn)
Jewellery
 b - an amulet of reflection (around neck)
 q - a +6 ring of strength (left hand)
 u - an amulet of guardian spirit
Wands
 v - a wand of flame (13)
Scrolls
 e - 3 scrolls of acquirement {unknown}
 f - a scroll of fear {unknown}
 g - a scroll of silence {unknown}
 j - a scroll of blinking {unknown}
 k - a scroll of brand weapon {unknown}
 n - a scroll of noise {unknown}
 o - a scroll of magic mapping {unknown}
 r - 2 scrolls of teleportation {unknown}
Potions
 m - 2 potions of brilliance


   Skills:
 + Level 6.9 Fighting
 + Level 2.2 Short Blades
 + Level 2.2 Long Blades
 + Level 2.2 Axes
 + Level 6.9 Maces & Flails
 + Level 2.2 Polearms
 + Level 2.2 Staves
 + Level 2.2 Slings
 + Level 2.2 Bows
 + Level 2.2 Crossbows
 + Level 2.2 Throwing
 + Level 2.2 Armour
 + Level 2.2 Dodging
 + Level 2.2 Stealth
 + Level 2.2 Shields
 + Level 2.2 Unarmed Combat
 + Level 3.6 Spellcasting
 + Level 1.8 Conjurations
 + Level 1.8 Hexes
 + Level 1.8 Summonings
 + Level 1.8 Necromancy
 + Level 1.8 Translocations
 + Level 1.8 Transmutations
 + Level 5.7 Fire Magic
 + Level 1.8 Ice Magic
 + Level 1.8 Air Magic
 + Level 1.8 Earth Magic
 + Level 1.8 Poison Magic
 + Level 2.5 Invocations
 + Level 2.2 Evocations


You had 13 spell levels left.
You didn't know any spells.
Your spell library contained the following spells:

 Spells                   Type           Power      Damage    Failure   Level
 Scorch                   Fire           60%        2d8       8%          2
 Beastly Appendage        Tmut           24%        N/A       26%         1
 Magic Dart               Conj           48%        1d5       26%         1
 Searing Ray              Conj           24%        2d5       36%         2
 Wereblood                Tmut           12%        N/A       36%         2
 Ignite Poison            Fire/Tmut/Pois 18%        N/A       41%         3
 Mephitic Cloud           Conj/Pois/Air  12%        N/A       58%         3
 Spider Form              Tmut/Pois      12%        N/A       58%         3
 Fulminant Prism          Conj/Hex       6%         3d7       94%         4
 Freezing Cloud           Conj/Ice/Air   6%         6-21      100%        5


Dungeon Overview and Level Annotations

Branches:
Dungeon (5/15)
 Temple: D:4-7

Altars:
Fedhas
Uskayaw

Annotations:
D:3 3 runed translucent doors, exclusion: 3 doors, zeram's ghost, amateur OpBr
D:5 Blork the orc; Duvessa; Edmund


Innate Abilities, Weirdness & Mutations

You have very sharp teeth.
Your uncanny sense of smell can sniff out nearby items.
Your experience applies equally to all skills.


Message History

You feel clever all of a sudden. Edmund hits you but does no damage.
It was a potion of might.
You feel very mighty all of a sudden.
Edmund hits you with a +5 dire flail of protection.
You barely miss Edmund.
Edmund is moderately wounded.
Edmund hits you with a +5 dire flail of protection!
Edmund resists.
Edmund is burned by your cloak of flames.
Edmund is moderately wounded.
It was a potion of magic.
Magic courses through your body.
Edmund hits you with a +5 dire flail of protection!
* * * LOW HITPOINT WARNING * * *
Edmund resists.
Edmund is burned by your cloak of flames.
Edmund is moderately wounded.
You hit Edmund.
Edmund is moderately wounded.
You block Edmund's attack.
You hit Edmund but do no damage.
Edmund is moderately wounded.
Edmund hits you with a +5 dire flail of protection.
* * * LOW HITPOINT WARNING * * *
Edmund completely resists.
You barely miss Edmund. You bite Edmund, but do no damage.
Edmund is moderately wounded.
Blork the orc screams, "I'll eat your brain!
And then I'll vomit it back up!"
You block Edmund's attack.
You closely miss Edmund.
Edmund is moderately wounded.
Edmund hits you with a +5 dire flail of protection.
* * * LOW HITPOINT WARNING * * *
You hit Edmund but do no damage. Your bite misses Edmund.
Edmund is moderately wounded.
You block Edmund's attack.
You barely miss Edmund.
Edmund is moderately wounded.
Edmund hits you with a +5 dire flail of protection!
You die...

###
#.#
#.#
#.#
#.#
#.#
#@#
#@#
#Y#
#o#
####e#
#...Z#
#....#
#....#
∆
#....#
.


You could see Edmund, Duvessa, Blork the orc (fast), an ice beast and a water
moccasin skeleton.

Vanquished Creatures
  A necrophage (D:2)
  A centaur skeleton (D:5)
  A hound (D:3)
  2 bullfrog skeletons
  An orc priest (D:3)
  Ijyb (D:4)
  An orc wizard (D:3)
  Natasha (thrice) (D:2)
  A hound skeleton (D:4)
  3 adders
  An ufetubus (D:4)
  An adder skeleton (D:4)
  2 worms (D:2)
  3 dart slugs
  2 orcs
  6 ball pythons
  2 endoplasms
  A giant cockroach (D:4)
  8 hobgoblins
  2 jackals (D:3)
  A quokka (D:2)
  7 bats
  A frilled lizard (D:2)
  4 goblins
  10 kobolds
66 creatures vanquished.

Notes
Turn   | Place    | Note
-------+----------+-------------------------------------------
     0 | D:1      | belegose the Gnoll Cinder Acolyte began the quest for the
                  | Orb.
     0 | D:1      | Reached XP level 1. HP: 23/23 MP: 4/4
   642 | D:1      | Reached XP level 2. HP: 29/29 MP: 5/5
  1257 | D:2      | Noticed Natasha
  1264 | D:2      | Killed Natasha
  1265 | D:2      | Reached XP level 3. HP: 23/35 MP: 7/7
  1272 | D:2      | Noticed Natasha
  1277 | D:2      | Killed Natasha
  1278 | D:2      | Reached skill level 1 in Short Blades
  1278 | D:2      | Reached skill level 1 in Long Blades
  1278 | D:2      | Reached skill level 1 in Axes
  1278 | D:2      | Reached skill level 1 in Polearms
  1278 | D:2      | Reached skill level 1 in Staves
  1278 | D:2      | Reached skill level 1 in Slings
  1278 | D:2      | Reached skill level 1 in Bows
  1278 | D:2      | Reached skill level 1 in Crossbows
  1278 | D:2      | Reached skill level 1 in Throwing
  1278 | D:2      | Reached skill level 1 in Armour
  1278 | D:2      | Reached skill level 1 in Dodging
  1278 | D:2      | Reached skill level 1 in Stealth
  1278 | D:2      | Reached skill level 1 in Shields
  1278 | D:2      | Reached skill level 1 in Unarmed Combat
  1278 | D:2      | Reached skill level 1 in Invocations
  1278 | D:2      | Reached skill level 1 in Evocations
  1278 | D:2      | Reached XP level 4. HP: 17/41 MP: 8/8
  1813 | D:2      | Reached skill level 1 in Conjurations
  1813 | D:2      | Reached skill level 1 in Hexes
  1813 | D:2      | Reached skill level 1 in Summonings
  1813 | D:2      | Reached skill level 1 in Necromancy
  1813 | D:2      | Reached skill level 1 in Translocations
  1813 | D:2      | Reached skill level 1 in Transmutations
  1813 | D:2      | Reached skill level 1 in Ice Magic
  1813 | D:2      | Reached skill level 1 in Air Magic
  1813 | D:2      | Reached skill level 1 in Earth Magic
  1813 | D:2      | Reached skill level 1 in Poison Magic
  1814 | D:2      | Noticed a necrophage
  1844 | D:2      | Killed a necrophage
  1845 | D:2      | Reached XP level 5. HP: 29/47 MP: 9/9
  2100 | D:2      | Noticed Natasha
  2377 | D:2      | Killed Natasha
  2758 | D:3      | Noticed zeram's ghost (amateur OpBr)
  2833 | D:3      | Found a faded altar of an unknown god.
  2857 | D:3      | Reached XP level 6. HP: 53/53 MP: 9/11
  2929 | D:3      | Found a runed translucent gate.
  2929 | D:3      | Found a runed translucent gate.
  2929 | D:3      | Found a runed translucent gate.
  3715 | D:4      | Found a blossoming altar of Fedhas.
  3960 | D:4      | Noticed Ijyb
  3982 | D:4      | Killed Ijyb
  4226 | D:4      | Found a hide-covered altar of Uskayaw.
  4328 | D:5      | Entered Level 5 of the Dungeon
  4429 | D:5      | Reached XP level 7. HP: 55/59 MP: 12/12
  4454 | D:5      | Noticed Blork the orc
  4682 | D:5      | Noticed Duvessa
  4686 | D:5      | Noticed Edmund
  4749 | D:5      | Mangled by Edmund

Illustrated notes

Levels and vault maps discovered:
D:1:      sevenhm_arrival_forest_fort_large_2, layout_basic
D:2:      layout_loops_ring, minmay_misc_feat_iff, uniq_natasha
D:3:      minmay_inner_zag, layout_basic, gammafunk_ghost_split,
          hellmonk_ecumenical_altar_arch_garden
D:4:      layout_basic, nicolae_uskayaw_murder_on_the_dancefloor,
          mainiacjoe_overflow_small_starburst, uniq_ijyb
D:5:      layout_basic, enter_ossuary_5, minmay_misc_feat_enclosed,
          uniq_sigmund, uniq_blork_the_orc, uniq_duvessa, uniq_edmund

Skill      XL: |  1  2  3  4  5  6 |
---------------+-------------------+-----
Short Blades   | 1 2 |  2.2
Long Blades    | 1 2 |  2.2
Axes           | 1 2 |  2.2
Polearms       | 1 2 |  2.2
Staves         | 1 2 |  2.2
Slings         | 1 2 |  2.2
Bows           | 1 2 |  2.2
Crossbows      | 1 2 |  2.2
Throwing       | 1 2 |  2.2
Armour         | 1 2 |  2.2
Dodging        | 1 2 |  2.2
Stealth        | 1 2 |  2.2
Shields        | 1 2 |  2.2
Unarmed Combat | 1 2 |  2.2
Invocations    | 1 2 |  2.5
Evocations     | 1 2 |  2.2
Spellcasting   | 3 |  3.6
Conjurations   | 1 |  1.8
Hexes          | 1 |  1.8
Summonings     | 1 |  1.8
Necromancy     | 1 |  1.8
Translocations | 1 |  1.8
Transmutations | 1 |  1.8
Ice Magic      | 1 |  1.8
Air Magic      | 1 |  1.8
Earth Magic    | 1 |  1.8
Poison Magic   | 1 |  1.8
Fighting       | |  6.9
Maces & Flails | |  6.9
Fire Magic     | |  5.7

Action                   |  1- 3 |  4- 6 |  7- 9 || total
-------------------------+-------+-------+-------++-------
Melee: Mace              |    29 |   224 |    22 ||   275
       Bite              |     2 |    14 |     2 ||    18
       Punch             |     1 |     5 |       ||     6
       Dagger            |       |     1 |       ||     1
Invok: Fiery Armour      |     1 |     2 |     2 ||     5
       Rising Flame      |       |       |     1 ||     1
  Use: Potion            |       |       |     3 ||     3
Armor: Robe              |     4 |       |       ||     4
       Ring mail         |     8 |    72 |       ||    80
       Scale mail        |       |     5 |    10 ||    15
Dodge: Dodged            |    15 |   109 |    15 ||   139
Block: Other             |       |    13 |     8 ||    21
       Reflection        |       |     1 |       ||     1
